NCAA
FLORIDA GATORS @ PITTSBURGH PANTHERS
04/08/2025
 
TOP OF THE 1ST
Florida Gators batting - Pitching for Pittsburgh Panthers : RHP José Rivera
Pitching: RHP José Rivera
Batting: RHB Stephen Black 0-0: Fly out, F9 (Flyball, 89M)
Batting: RHB Luis Morales 0-0: Called Strike
0-1: Ball
1-1: Ball
2-1: Ball
3-1: Base on Balls
Batting: LHB Mark Strong 0-0: Called Strike
0-1: Ball
1-1: Ball
2-1: Ball
3-1: Fly out, F5 (Popup, 56)
Batting: RHB Butch Richardson 0-0: Ball
1-0: Ground out 4-3 (Groundball, 4)
Top of the 1st over - 0 run(s), 0 hit(s), 0 error(s), 1 left on base; Florida 0 - Pittsburgh 0
BOTTOM OF THE 1ST
Pittsburgh Panthers batting - Pitching for Florida Gators : LHP Robert Griggs
Pitching: LHP Robert Griggs
Batting: RHB Jaime Delgado 0-0: Ball
1-0: Bunt for hit - play at first, batter OUT! 1-3
Batting: RHB Félix Ruíz 0-0: Ground out 4-3 (Groundball, 4)
Batting: RHB Gerald Arnold 0-0: Ball
1-0: Called Strike
1-1: Ball
2-1: SINGLE (Line Drive, 89S)
Batting: RHB Rob Gilbert 0-0: Fielders Choice at 2nd, 6-4 (Groundball, 6)
Bottom of the 1st over - 0 run(s), 1 hit(s), 0 error(s), 0 left on base; Florida 0 - Pittsburgh 0
TOP OF THE 2ND
Florida Gators batting - Pitching for Pittsburgh Panthers : RHP José Rivera
Batting: LHB Malcolm Moreno 0-0: Ball
1-0: Swinging Strike
1-1: Ball
2-1: Reached on error, E4 (Groundball, 4M)
Batting: RHB Jon Newsome 0-0: Swinging Strike
0-1: Grounds into double play, 6-4-3 (Groundball, 6)
Batting: LHB Dave Raines 0-0: Ball
1-0: Fly out, F8 (Flyball, 8RS)
Top of the 2nd over - 0 run(s), 0 hit(s), 1 error(s), 0 left on base; Florida 0 - Pittsburgh 0
BOTTOM OF THE 2ND
Pittsburgh Panthers batting - Pitching for Florida Gators : LHP Robert Griggs
Batting: RHB Ismael Ortíz 0-0: Ball
1-0: Foul Ball, location: 2F
1-1: SINGLE (Groundball, 4M)
Batting: RHB Henry Edwards 0-0: Ball
1-0: Foul Ball, location: 2F
1-1: Ground out 5-3 (Groundball, 5S)
Ismael Ortíz to second
Batting: RHB Pete Woods 0-0: Ball
1-0: Fly out, F4 (Popup, 89S)
Batting: SHB Tim Mullen 0-0: Ball
1-0: Called Strike
1-1: Foul Ball, location: 2F
1-2: Ball
2-2: Strikes out looking
Bottom of the 2nd over - 0 run(s), 1 hit(s), 0 error(s), 1 left on base; Florida 0 - Pittsburgh 0
TOP OF THE 3RD
Florida Gators batting - Pitching for Pittsburgh Panthers : RHP José Rivera
Batting: RHB Johnny MacNamara 0-0: SINGLE (Groundball, 56)
Batting: LHB Rob Clark 0-0: Ball
1-0: Fly out, F7 (Flyball, 7LM)
Batting: RHB Stephen Black 0-0: Called Strike
0-1: Swinging Strike
0-2: Foul Ball, location: 2F
0-2: Strikes out swinging
Johnny MacNamara steals 2nd base
Batter strikes out.
Batting: RHB Luis Morales 0-0: Ball
1-0: SINGLE (Line Drive, 6MD)
Johnny MacNamara to third
Runner from 3rd tries for Home, SAFE, no throw or cutoff
Batting: LHB Mark Strong 0-0: Foul Ball, location: 2F
0-1: Swinging Strike
0-2: Ball
1-2: Strikes out looking
Top of the 3rd over - 1 run(s), 2 hit(s), 0 error(s), 1 left on base; Florida 1 - Pittsburgh 0
BOTTOM OF THE 3RD
Pittsburgh Panthers batting - Pitching for Florida Gators : LHP Robert Griggs
Batting: RHB Todd Noone 0-0: SINGLE (Groundball, 4MS) (infield hit)
Batting: RHB Jaime Delgado 0-0: Ball
1-0: SINGLE (Line Drive, 34D)
Todd Noone to second
Runner from 2nd tries for 3rd, OUT!
Jaime Delgado to second
Batting: RHB Félix Ruíz 0-0: Ball
1-0: Ball
2-0: Called Strike
2-1: Fly out, F9 (Flyball, 9M)
Batting: RHB Gerald Arnold 0-0: Swinging Strike
0-1: Ball
1-1: Foul Ball, location: 2F
1-2: Ball
2-2: Fly out, F7 (Flyball, 78S)
Bottom of the 3rd over - 0 run(s), 2 hit(s), 0 error(s), 1 left on base; Florida 1 - Pittsburgh 0
TOP OF THE 4TH
Florida Gators batting - Pitching for Pittsburgh Panthers : RHP José Rivera
Batting: RHB Butch Richardson 0-0: Foul Ball, location: 2F
0-1: Foul Ball, location: 2F
0-2: Ball
1-2: Ball
2-2: Strikes out swinging
Batting: LHB Malcolm Moreno 0-0: Ball
1-0: Ball
2-0: Ball
3-0: Called Strike
3-1: Base on Balls
Batting: RHB Jon Newsome 0-0: Ball
1-0: Ball
2-0: Fly out, F9 (Flyball, 89M)
Batting: LHB Dave Raines 0-0: Foul Ball, location: 2F
0-1: Ball
1-1: Swinging Strike
1-2: TRIPLE (Line Drive, 9LM)
Malcolm Moreno scores
Batting: RHB Johnny MacNamara 0-0: Ball
1-0: Fly out, F9 (Flyball, 89M)
Top of the 4th over - 1 run(s), 1 hit(s), 0 error(s), 1 left on base; Florida 2 - Pittsburgh 0
BOTTOM OF THE 4TH
Pittsburgh Panthers batting - Pitching for Florida Gators : LHP Robert Griggs
Batting: RHB Rob Gilbert 0-0: Ball
1-0: Ball
2-0: Ball
3-0: Called Strike
3-1: Foul Ball, location: 2F
3-2: Fly out, F6 (Line Drive, 56)
Batting: RHB Ismael Ortíz 0-0: Ball
1-0: Fly out, F7 (Flyball, 78XD)
Batting: RHB Henry Edwards 0-0: Called Strike
0-1: Ball
1-1: Ground out 6-3 (Groundball, 6)
Bottom of the 4th over - 0 run(s), 0 hit(s), 0 error(s), 0 left on base; Florida 2 - Pittsburgh 0
TOP OF THE 5TH
Florida Gators batting - Pitching for Pittsburgh Panthers : RHP José Rivera
Batting: LHB Rob Clark 0-0: Ball
1-0: Foul Ball, location: 2F
1-1: Foul Ball, location: 2F
1-2: Ball
2-2: Ball
3-2: Base on Balls
Batting: RHB Stephen Black 0-0: Ball
1-0: Fly out, F9 (Flyball, 89M)
Batting: RHB Luis Morales 0-0: Swinging Strike
0-1: Called Strike
0-2: Foul Ball, location: 2F
0-2: Ball
1-2: SINGLE (Groundball, 56D)
Rob Clark to second
Batting: LHB Mark Strong 0-0: Foul Ball, location: 2F
0-1: Called Strike
0-2: Ball
1-2: Fly out, F6 (Popup, 6D)
Batting: RHB Butch Richardson 0-0: Ground out 6-3 (Groundball, 6)
Top of the 5th over - 0 run(s), 1 hit(s), 0 error(s), 2 left on base; Florida 2 - Pittsburgh 0
BOTTOM OF THE 5TH
Pittsburgh Panthers batting - Pitching for Florida Gators : LHP Robert Griggs
Batting: RHB Pete Woods 0-0: Ball
1-0: Ball
2-0: Foul Ball, location: 2F
2-1: Ball
3-1: Called Strike
3-2: Base on Balls
Batting: SHB Tim Mullen 0-0: Foul Ball, location: 2F
0-1: Fly out, F7 (Flyball, 78S)
Batting: RHB Todd Noone 0-0: Ball
1-0: Called Strike
1-1: Ball
2-1: Fly out, F5 (Line Drive, 56)
Batting: RHB Jaime Delgado 0-0: Fly out, F8 (Flyball, 8RM)
Bottom of the 5th over - 0 run(s), 0 hit(s), 0 error(s), 1 left on base; Florida 2 - Pittsburgh 0
TOP OF THE 6TH
Florida Gators batting - Pitching for Pittsburgh Panthers : RHP José Rivera
Batting: LHB Malcolm Moreno 0-0: Ball
1-0: Ball
2-0: Called Strike
2-1: SOLO HOME RUN (Flyball, 89XD), Distance : 375 ft
Batting: RHB Jon Newsome 0-0: Ball
1-0: Called Strike
1-1: Swinging Strike
1-2: Ball
2-2: Fly out, F8 (Flyball, 8LM)
Pitching: RHP Herb Parker
Batting: LHB Dave Raines 0-0: Called Strike
0-1: SINGLE (Line Drive, 8RS)
Batting: RHB Johnny MacNamara 0-0: Called Strike
0-1: Ball
1-1: Called Strike
1-2: Ball
2-2: Fly out, F9 (Flyball, 9M)
Batting: LHB Rob Clark 0-0: Ball
1-0: Ball
2-0: Ball
3-0: Called Strike
3-1: SINGLE (Groundball, 4MD)
Dave Raines to second
Batting: RHB Stephen Black 0-0: Foul Ball, location: 2F
0-1: Called Strike
0-2: Strikes out swinging
Top of the 6th over - 1 run(s), 3 hit(s), 0 error(s), 2 left on base; Florida 3 - Pittsburgh 0
BOTTOM OF THE 6TH
Pittsburgh Panthers batting - Pitching for Florida Gators : LHP Robert Griggs
Batting: RHB Félix Ruíz 0-0: Called Strike
0-1: Called Strike
0-2: Strikes out swinging
Batting: RHB Gerald Arnold 0-0: Ball
1-0: Foul Ball, location: 2F
1-1: Ball
2-1: Foul Ball, location: 2F
2-2: Ball
3-2: Foul Ball, location: 2F
3-2: Strikes out swinging
Batting: RHB Rob Gilbert 0-0: Ball
1-0: Called Strike
1-1: Ball
2-1: Ball
3-1: Swinging Strike
3-2: Base on Balls
Batting: RHB Ismael Ortíz 0-0: Fly out, F3 (Popup, 34)
Bottom of the 6th over - 0 run(s), 0 hit(s), 0 error(s), 1 left on base; Florida 3 - Pittsburgh 0
TOP OF THE 7TH
Florida Gators batting - Pitching for Pittsburgh Panthers : RHP Herb Parker
Batting: RHB Luis Morales 0-0: Ball
1-0: Ball
2-0: Ground out 6-3 (Groundball, 6)
Batting: LHB Mark Strong 0-0: Called Strike
0-1: Ball
1-1: SINGLE (Line Drive, 6MD)
Batting: RHB Butch Richardson 0-0: Ball
1-0: Swinging Strike
1-1: Fly out, F9 (Flyball, 9LM)
Batting: LHB Malcolm Moreno 0-0: Ball
1-0: Foul Ball, location: 2F
1-1: Ball
2-1: Foul Ball, location: 2F
2-2: Ball
3-2: Ground out 5-3 (Groundball, 15S)
Top of the 7th over - 0 run(s), 1 hit(s), 0 error(s), 1 left on base; Florida 3 - Pittsburgh 0
BOTTOM OF THE 7TH
Pittsburgh Panthers batting - Pitching for Florida Gators : LHP Robert Griggs
Batting: RHB Henry Edwards 0-0: Ball
1-0: Ball
2-0: Fly out, F7 (Flyball, 78XD)
Batting: RHB Pete Woods 0-0: Foul Ball, location: 2F
0-1: Swinging Strike
0-2: DOUBLE (Flyball, 8LXD)
Pitching: LHP Curt Mitchell
Batting: SHB Tim Mullen 0-0: Ball
1-0: Called Strike
1-1: Called Strike
1-2: Fly out, F9 (Flyball, 89S)
Batting: RHB Todd Noone 0-0: Ball
1-0: Called Strike
1-1: Called Strike
1-2: Ball
2-2: SINGLE (Groundball, 25) (infield hit)
Pete Woods to third
Batting: RHB Jaime Delgado 0-0: Called Strike
0-1: Called Strike
0-2: Ball
1-2: Ground out 4-3 (Groundball, 34)
Bottom of the 7th over - 0 run(s), 2 hit(s), 0 error(s), 2 left on base; Florida 3 - Pittsburgh 0
TOP OF THE 8TH
Florida Gators batting - Pitching for Pittsburgh Panthers : RHP Herb Parker
Batting: RHB Jon Newsome 0-0: Swinging Strike
0-1: Foul Ball, location: 2F
0-2: Ball
1-2: Ball
2-2: Strikes out looking
Pitching: LHP Harry Gordon
Batting: LHB Dave Raines 0-0: Fly out, F8 (Flyball, 8LM)
Batting: RHB Johnny MacNamara 0-0: Ball
1-0: Called Strike
1-1: Ball
2-1: Ball
3-1: DOUBLE (Flyball, 9S)
Batting: LHB Rob Clark 0-0: Called Strike
0-1: Ball
1-1: Swinging Strike
1-2: Ball
2-2: Ball
3-2: Ground out 4-3 (Groundball, 4M)
Top of the 8th over - 0 run(s), 1 hit(s), 0 error(s), 1 left on base; Florida 3 - Pittsburgh 0
BOTTOM OF THE 8TH
Pittsburgh Panthers batting - Pitching for Florida Gators : LHP Curt Mitchell
Batting: RHB Félix Ruíz 0-0: Fly out, F8 (Flyball, 89M)
Batting: RHB Gerald Arnold 0-0: Called Strike
0-1: Foul Ball, location: 2F
0-2: Strikes out swinging
Batting: RHB Rob Gilbert 0-0: Ball
1-0: Ball
2-0: Foul Ball, location: 2F
2-1: Foul Ball, location: 2F
2-2: Strikes out swinging
Bottom of the 8th over - 0 run(s), 0 hit(s), 0 error(s), 0 left on base; Florida 3 - Pittsburgh 0
TOP OF THE 9TH
Florida Gators batting - Pitching for Pittsburgh Panthers : LHP Harry Gordon
Pitching: RHP Dusty Lester
Batting: RHB Stephen Black 0-0: Foul Ball, location: 2F
0-1: Ball
1-1: Swinging Strike
1-2: Strikes out swinging
Batting: RHB Luis Morales 0-0: Ball
1-0: Swinging Strike
1-1: Ball
2-1: Ball
3-1: Base on Balls
Batting: LHB Mark Strong 0-0: Swinging Strike
0-1: Ball
1-1: Foul Ball, location: 2F
1-2: Strikes out swinging
Batting: RHB Butch Richardson 0-0: SINGLE (Line Drive, 5D)
Luis Morales to second
Batting: LHB Malcolm Moreno 0-0: Ball
1-0: Fly out, F7 (Flyball, 78M)
Top of the 9th over - 0 run(s), 1 hit(s), 0 error(s), 2 left on base; Florida 3 - Pittsburgh 0
BOTTOM OF THE 9TH
Pittsburgh Panthers batting - Pitching for Florida Gators : LHP Curt Mitchell
Pitching: LHP Ryan McKibbin
Now at 1B: Seth Burgess
Now at 2B: Pedro Rodríguez
Batting: RHB Ismael Ortíz 0-0: SINGLE (Line Drive, 4M)
Batting: RHB Henry Edwards 0-0: Called Strike
0-1: Called Strike
0-2: SINGLE (Line Drive, 4MD)
Ismael Ortíz to second
Batting: RHB Pete Woods 0-0: Foul Ball, location: 2F
0-1: Swinging Strike
0-2: Strikes out swinging
Batting: SHB Tim Mullen 0-0: Swinging Strike
0-1: DOUBLE (Line Drive, 7LS)
Ismael Ortíz scores
Henry Edwards to third
Batting: RHB Todd Noone 0-0: Ball
1-0: Ball
2-0: Ground out 6-3 (Groundball, 6M)
Henry Edwards scores
Tim Mullen to third
Batting: RHB Jaime Delgado 0-0: Fly out, F7 (Flyball, 78M)
Bottom of the 9th over - 2 run(s), 3 hit(s), 0 error(s), 1 left on base; Florida 3 - Pittsburgh 2
This league is powered by Out of the Park Baseball, the baseball management simulation game for PC, Mac and Linux
Tuesday, August 2nd, 2016 - OOTP Baseball 16.8 Build 38